 Dungeon Crawl Stone Soup version 0.26.0-16-gc1dbca0489 (webtiles) character file.

Game seed: 10193509325965621812

764 shakesphere1979 the Vandal (level 8, 0/55 HPs)
             Began as a Halfling Fighter on Jan 18, 2021.
             Slain by an ogre
             ... wielding a +0 giant club
              (18 damage)
             ... on level 5 of the Dungeon.
             The game lasted 00:19:15 (6214 turns).

shakesphere1979 the Vandal (Halfling Fighter)       Turns: 6214, Time: 00:19:15

Health: 0/55       AC: 11    Str: 19    XL:     8   Next: 8%
Magic:  8/8        EV:  9    Int:  6    God:
Gold:   259        SH: 10    Dex: 14    Spells: 7/7 levels left

rFire    . . .     SeeInvis .   a - +2 whip (venom)
rCold    . . .     Faith    .   c - +0 kite shield
rNeg     . . .     Spirit   .   s - +0 scale mail
rPois    .         Reflect  .   g - +0 helmet
rElec    .         Harm     .   D - +0 cloak
rCorr    .         Rampage  .   (no gloves)
Will     .....                  k - +0 pair of boots
Stlth    +.........             (no amulet)
HPRegen  0.18/turn              (no ring)
MPRegen  0.11/turn              (no ring)

@: no status effects
A: small, mutation resistance 1
a: no special abilities


You were on level 5 of the Dungeon.
You visited 1 branch of the dungeon, and saw 5 of its levels.
You also visited: Sewer.

You collected 259 gold pieces.

Inventory:

Hand Weapons
 a - a +2 whip of venom (weapon)
 b - a +2 vorpal hunting sling
Missiles
 h - 200 stones (quivered)
 t - 63 poisoned darts
 y - 72 sling bullets
Armour
 c - a +0 kite shield (worn)
 g - a +0 helmet (worn)
 k - a +0 pair of boots (worn)
 s - a +0 scale mail (worn)
 D - a +0 cloak (worn)
 E - a +2 robe of willpower
Jewellery
 u - an uncursed ring of protection from fire {unknown}
Wands
 l - a wand of digging (3)
 B - a wand of random effects (11)
Scrolls
 f - 3 scrolls of teleportation
 i - 6 scrolls of identify
 m - 5 scrolls of blinking
 n - 4 scrolls of remove curse
 o - 2 scrolls of immolation
 p - a scroll of amnesia {unknown}
 q - a scroll of magic mapping {unknown}
 r - a scroll of fear {unknown}
 v - a scroll of enchant weapon {unknown}
 A - a scroll of noise {unknown}
Potions
 d - 2 potions of might
 e - a potion of heal wounds {unknown}
 j - 2 potions of flight {unknown}
 w - 2 potions of haste {unknown}
 x - 2 potions of mutation {unknown}
 z - 2 potions of curing {unknown}
 C - a potion of magic {unknown}


   Skills:
 + Level 5.0 Fighting
 - Level 2.4 Short Blades
 + Level 5.2 Slings
 + Level 5.1 Armour
 + Level 3.2 Stealth
 - Level 5.0 Shields


You had 7 spell levels left.
You didn't know any spells.
Your spell library was empty.

Dungeon Overview and Level Annotations

Branches:
Dungeon (5/15)              Sewer (visited)
 Temple: D:4-7

Altars:
Gozag
Sif Muna
Trog
Vehumet

Shops:
D:4 =


Innate Abilities, Weirdness & Mutations

You are small and have problems with some larger weapons.
You are somewhat resistant to further mutation.


Message History

The ogre shouts!
You hit the ogre.
The ogre is lightly wounded.
You block the ogre's attack.
You completely miss the ogre.
The ogre is lightly wounded.
The ogre hits you with a +0 giant club!
You barely miss the ogre.
The ogre is lightly wounded.
The ogre closely misses you.
You hit the ogre but do no damage.
The ogre is poisoned.
The ogre is lightly wounded.
The ogre hits you with a +0 giant club!!
You hit the ogre.
The ogre looks as sick as possible!
The ogre is moderately wounded.
You block the ogre's attack.
You hit the ogre.
The ogre looks as sick as possible!
The ogre is heavily wounded.
The ogre hits you with a +0 giant club!!
You die...

##...........>...##
##................#
#
##.......#######.###
# ........# ### ##
.....(..# ##.
###...## ##..
##...## #... ##.O.##
#... ##@..## #..#.
##...# #..##+ ##..##
#.# # ##..## #. ##
##..## #..#. ##..##
#... ##..## ###.
##..### #. #####
##...## ##


You could see an ogre (extremely poisoned).

Vanquished Creatures
  Sigmund (D:5)
  2 big kobolds (Sewer)
  A howler monkey (D:5)
  Ijyb (D:4)
  2 worker ants
  A worker ant zombie (D:5)
  3 gnolls (D:2)
  14 adders
  3 river rats (Sewer)
  5 oozes (Sewer)
  2 adder skeletons
  6 worms
  4 leopard geckos
  2 orcs
  5 giant cockroaches
  5 goblins
  7 hobgoblins
  7 jackals
  10 kobolds
  2 quokkas
  4 ball pythons
  9 bats
  5 frilled lizards (D:1)
  2 giant cockroach zombies (D:5)
  A leopard gecko skeleton (D:5)
  11 rats
115 creatures vanquished.

Vanquished Creatures (others)
  An orc wizard (D:5)
  A plant (D:1)
2 creatures vanquished.

Grand Total: 117 creatures vanquished

Notes
Turn   | Place    | Note
-------+----------+-------------------------------------------
     0 | D:1      | shakesphere1979 the Halfling Fighter began the quest for
                  | the Orb.
     0 | D:1      | Reached XP level 1. HP: 15/15 MP: 1/1
   153 | D:1      | Reached XP level 2. HP: 18/20 MP: 2/2
   332 | D:1      | Reached skill level 1 in Stealth
  1028 | D:2      | Reached XP level 3. HP: 14/25 MP: 3/3
  1688 | D:2      | Reached XP level 4. HP: 16/31 MP: 4/4
  2243 | D:2      | Found a radiant altar of Vehumet.
  2243 | D:2      | Found a bloodstained altar of Trog.
  2423 | D:2      | Reached XP level 5. HP: 32/36 MP: 5/5
  2985 | D:3      | Found an opulent altar of Gozag.
  3536 | D:4      | Found Qeaskuilu's Jewellery Shoppe.
  3713 | D:4      | Noticed Ijyb
  3722 | D:4      | Killed Ijyb
  4011 | D:5      | Entered Level 5 of the Dungeon
  4022 | D:5      | Reached XP level 6. HP: 36/42 MP: 6/6
  4202 | D:5      | Found a glowing drain.
  4364 | Sewer    | Entered a sewer
  4638 | Sewer    | Reached skill level 5 in Armour
  4638 | Sewer    | Reached skill level 5 in Shields
  4741 | Sewer    | Reached XP level 7. HP: 48/48 MP: 7/7
  4978 | Sewer    | Reached skill level 5 in Fighting
  5051 | Sewer    | Reached skill level 1 in Slings
  5486 | D:5      | Noticed Sigmund
  5981 | D:5      | Found a shimmering blue altar of Sif Muna.
  6034 | D:5      | Killed Sigmund
  6035 | D:5      | Reached skill level 5 in Slings
  6035 | D:5      | Reached XP level 8. HP: 36/55 MP: 8/8
  6214 | D:5      | Slain by an ogre

Illustrated notes

Levels and vault maps discovered:
D:1:      sevenhm_arrival_forest_fort_large_3, layout_basic, serial_forest,
          infiniplex_forest_lined_room_2, infiniplex_forest_clump_long,
          infiniplex_forest_clump_curved, infiniplex_forest_clump_double,
          infiniplex_forest_side_room, minmay_lizard_king
D:2:      layout_basic, gammafunk_temple_overflow_elements, grunt_ministairs_8,
          minmay_misc_feat_ornament, minmay_increasing_density
D:3:      layout_loops_ring, nicolae_gozag_cash_rules_everything_around_me
D:4:      layout_loops_ring, serial_shops, nicolae_shop_statue_plus, uniq_ijyb
D:5:      layout_layer_cave, tgw_sif, tso_oasis_becter, gup_sewer_entry_glass,
          uniq_sigmund

Skill      XL: |  1  2  3  4  5  6  7 |
---------------+----------------------+-----
Stealth        | 1 2 3 |  3.2
Fighting       | 3 4 5 |  5.0
Armour         | 4 5 |  5.1
Shields        | 4 5 |  5.0
Slings         | 5 |  5.2
Short Blades   | |  2.4

Action                   |  1- 3 |  4- 6 |  7- 9 || total
-------------------------+-------+-------+-------++-------
Melee: Rapier            |   134 |    85 |       ||   219
       Whip              |       |   130 |   142 ||   272
 Fire: Hunting sling     |       |       |    13 ||    13
  Use: Scroll            |       |     5 |       ||     5
Armor: Scale mail        |    59 |    67 |    46 ||   172
Dodge: Dodged            |    53 |    75 |    38 ||   166
Block: Kite shield       |    78 |   106 |    58 ||   242
